Description

Build from http://sc2links.com/blog/

VOD

https://www.youtube.com/watch?v=hkm25F_tfK0&feature=youtu.be&t=1622

Build Order

Get SALT Encoding   

  14  0:18  Supply Depot  
  15  0:29  Refinery  #1
  16  0:45  Barracks  #1
  17  0:56  Refinery  #2
  19  1:32  Reaper  @100% barracks #1
  19  1:33  Orbital Command  #1
  20  1:36  Factory  
  20  1:45  Supply Depot  
  21  2:04  Reaper  
  23  2:20  Cyclone  
  26  2:23  Starport  Switch onto TL once 100%
  28  2:36  Supply Depot  
  28  2:38  Barracks Tech Lab  
  30  3:01  Viking  
  33  3:25  Barracks Reactor  
  33  3:27  Command Center  #2
  33  3:35  Raven  
  35  3:37  Factory Tech Lab  
  35  3:43  Supply Depot  
  36  3:58  Siege Tank  
  43  4:31  Viking x2  Switch starport onto reactor after raven and
  47  4:32  Refinery  #3
  49  4:51  Siege Tank  
  52  4:55  Supply Depot  
  57  5:06  Viking x2  
  61  5:19  Supply Depot  
  61  5:23  Engineering Bay  @100% start +1
  63  5:36  Siege Tank  
  67  5:41  Viking  
  70  5:53  Supply Depot  
  70  5:56  Stimpack  
  70  6:00  Missile Turret  
Spawning Tool Build Advisor. Get it on Overwolf

Analysis

At this point you are set up for success to move out across the map with all of your army units. Controlled pressure usually wins in TvT and you want to be iNcontroL of the tempo of the game. Feel confident about this setup – you have equal or superior air, the ability to fend off banshees at home, and you aren’t looking to set up dainty tank pushes in the middle of the map. You want to find yourself at their front door with all of these units seiged up in a dominant position, crushing their dreams, and forcing them to quit the game. Opponent didn’t go banshees? You need to establish air dominance with a good pdd or auto-turret fight. Don’t force it if you have equal numbers, let them make the mistake of wasting their ravens energy (run away) or engaging you closer to your rally (the numbers dude, the numbers). If you get gridlocked with them, prepare for the long haul by making more rax, expanding as much as possible, upgrading your bio faster, and cutting off all of their efforts to expand with well seiged positions.

Go to:

Details

  • Created by: Spacejam
  • Published on: Jan 09, 2017
  • Modified on: Jan 09, 2017
  • Patch: 3.8.0
Show
View Real Time Build Order
Export as new Build Order

Comments (0)

There are no comments. Be the first!

Create an account to comment!